 Dungeon Crawl Stone Soup version 0.27-a0-650-g8dd3ea4f36 (webtiles) character file.

Game seed: 9983725245610412462

10 jasper the Firebug (level 2, -1/15 HPs)
             Began as a Deep Elf Fire Elementalist on Mar 15, 2021.
             Slain by a hobgoblin
             ... wielding a +0 club
              (8 damage)
             ... on level 1 of the Dungeon.
             The game lasted 00:01:16 (676 turns).

jasper the Firebug (Deep Elf Fire Elementalist)      Turns: 676, Time: 00:01:17

Health: -1/15      AC:  2    Str:  5    XL:     2   Next: 10%
Magic:  6/8        EV: 12    Int: 19    God:
Gold:   47         SH:  0    Dex: 15    Spells: 6/7 levels left

rFire    . . .     SeeInvis .   d - +0 mace
rCold    . . .     Faith    .   (no shield)
rNeg     . . .     Spirit   .   a - +0 robe
rPois    .         Reflect  .   (no helmet)
rElec    .         Harm     .   (no cloak)
rCorr    .         Rampage  .   (no gloves)
Will     .....                  (no boots)
Stlth    ++........             (no amulet)
HPRegen  0.05/turn              (no ring)
MPRegen  0.11/turn              (no ring)

@: no status effects
A: no striking features
a: no special abilities


You were on level 1 of the Dungeon.
You visited 1 branch of the dungeon, and saw 1 of its levels.

You collected 47 gold pieces.

Inventory:

Hand Weapons
 d - a +0 mace (weapon)
Armour
 a - a +0 robe (worn)
Scrolls
 b - a scroll of enchant weapon {unknown}
 c - a scroll of identify {unknown}
Potions
 e - a potion of mutation {unknown}


   Skills:
 - Level 2.4 Dodging
 - Level 2.4 Stealth
 + Level 3.2 Spellcasting
 * Level 1.7 Conjurations
 * Level 3.6 Fire Magic


You had 6 spell levels left.
You knew the following spells:

 Your Spells              Type           Power      Damage    Failure   Level
a - Foxfire               Conj/Fire      52%        2x1d6     4%          1

Your spell library contained the following spells:

 Spells                   Type           Power      Damage    Failure   Level
 Conjure Flame            Conj/Fire      13%        6-21      16%         3
 Inner Flame              Hex/Fire       9%         N/A       22%         3
 Sticky Flame             Conj/Fire      13%        2d4       45%         4
 Fireball                 Conj/Fire      6%         3d5       80%         5


Dungeon Overview and Level Annotations

Branches:
Dungeon (1/15)

Altars:


Message History

HP restored.
You open the door.
There is an open door here.
As you open the door, it creaks loudly!
Found a stone staircase leading down.
There is an open door here.
Health restored: 15; MP restored: 8
Found a stone staircase leading down.
You open the door.
There is an open door here.
Found a stone staircase leading down.
There is a stone staircase leading down here.
A hobgoblin comes into view. It is wielding a +0 club.
A hobgoblin is nearby!
A hobgoblin is nearby!
A hobgoblin is nearby!
The hobgoblin shouts!
A hobgoblin is nearby!
Unknown command.
Casting: Foxfire (safe; 4% risk of failure)
Press: ? - help, Q - select action Dir - look around, f - activate You conjure some foxfire!
You now have 7/8 mp.
The foxfire hits the hobgoblin.
The hobgoblin is moderately wounded.
The foxfire hits the hobgoblin but does no damage.
The hobgoblin is moderately wounded.
Casting: Foxfire (safe; 4% risk of failure)
Press: ? - help, Q - select action Dir - look around, f - activate You conjure some foxfire!
The hobgoblin hits you with a +0 club!
Ouch! That really hurt!
You take 8 damage, and have 7/15 hp.
MASSIVE DAMAGE!!
You now have 6/8 mp.
The foxfire hits the hobgoblin.
The hobgoblin is almost dead.
The foxfire hits the hobgoblin but does no damage.
The hobgoblin is almost dead.
The hobgoblin hits you with a +0 club!
Ouch! That really hurt!
You die...

..# ##.......#.###..#.#
###### #.# ##..>..##.#
#.##.# ###### #.#
##...###.# #.##.# #.....
#.# ##'## #.# #.....#
#.#### #.# #.# #.#
####..# #.##.. #.# #.#
#.######..# #.##.#
#.#######.####.........#
##.....
#...>......##.......##.#
#......
#.##.##.....#.##@g.....#
#.###.#
#.##.###...##.##.##.####
#.# #.#
#.##.###..###.##.# #.#
#.. #.##.............#
#.# ###
#.######.####.####
#.##### #.######.# #...
#...... #........# #####
####### ##########


You could see a hobgoblin.

Vanquished Creatures
  A giant cockroach (D:1)
  3 hobgoblins (D:1)
  A ball python (D:1)
  2 bats (D:1)
  A frilled lizard (D:1)
  2 kobolds (D:1)
  A rat (D:1)
11 creatures vanquished.

Vanquished Creatures (others)
  29 foxfires (D:1)
29 creatures vanquished.

Grand Total: 40 creatures vanquished

Notes
Turn   | Place    | Note
-------+----------+-------------------------------------------
     0 | D:1      | jasper the Deep Elf Fire Elementalist began the quest for
                  | the Orb.
     0 | D:1      | Reached XP level 1. HP: 10/10 MP: 6/6
   391 | D:1      | Reached XP level 2. HP: 15/15 MP: 5/8
   676 | D:1      | Slain by a hobgoblin

Illustrated notes

Levels and vault maps discovered:
D:1:      doesnt_arrival_eight_statues, layout_loops_corners, solitary_fountain,
          dk_noncrumbling_3

Action                   || total
-------------------------++-------
Melee: Mace              ||     1
 Cast: Foxfire           ||    17
Armor: Robe              ||     2
Dodge: Dodged            ||     5

Table legend: (Time is in decaauts)
 A = Elapsed time spent in this place.
 B = Non-inter-level travel time spent in this place.
 C = Inter-level travel time spent in this place.
 D = Time resting spent in this place.
 E = Time spent auto-exploring this place.
 F = Levels seen in this place.
 G = Mean time per level.
                   A        B        C        D        E       F      G
               +--------+--------+--------+--------+--------+-----+--------+
         Total |    675 |    663 |     12 |     22 |    570 |   1 |  675.0 |
       Dungeon |    675 |    663 |     12 |     22 |    570 |   1 |  675.0 |
               +--------+--------+--------+--------+--------+-----+--------+

Top non-repeatable levels by time:
     D:1: 675 daAuts
